 Dungeon Crawl Stone Soup version 0.31.0-11-ge490571c62 (webtiles) character file.

Game seed: 1522763641384325287

88 qw the Shooter (level 4, -1/22 HPs)
             Began as a Spriggan Hunter on Feb 3, 2024.
             Succumbed to a goblin's poison
             ... on level 2 of the Dungeon.
             The game lasted 00:00:14 (1063 turns).

qw the Shooter (Spriggan Hunter)                    Turns: 1063, Time: 00:00:14

Health: -1/22      AC:  2    Str:  7    XL:     4   Next: 30%
Magic:  5/5        EV: 20    Int: 10    God:
Gold:   81         SH:  0    Dex: 20    Spells: 3/3 levels left

rFire   . . .        a - +0 shortbow
rCold   . . .        (shield currently unavailable)
rNeg    . . .        c - +0 robe
rPois   .            (helmet restricted)
rElec   .            (no cloak)
rCorr   .            (gloves unavailable)
SInv    +            (boots unavailable)
Will    .....        (no amulet)
Stlth   ++           (no ring)
HPRegen 0.23/turn    (no ring)
MPRegen 0.09/turn

%: no passive effects
@: lethally poisoned (-1 -> -19), very quick
A: very small, no large weapons, unfitting armour, see invisible, speed 3,
antennae 1, sturdy frame 1
a: no special abilities


You were on level 2 of the Dungeon.
You visited 1 branch of the dungeon, and saw 3 of its levels.

You collected 81 gold pieces.


Innate Abilities, Weirdness & Mutations

You are very small and have problems with some larger weapons.
You are too small for most types of armour.
You have supernaturally acute eyesight. (SInv)
You cover ground extremely quickly. (Speed+++)
You have a pair of small antennae on your head.
Your movements are slightly less encumbered by armour. (ER -2)


   Skills:
 - Level 1.5 Fighting
 - Level 5.0 Ranged Weapons
 + Level 4.7 Dodging
 - Level 1.5 Stealth


You had 3 spell levels left.
You didn't know any spells.
Your spell library was empty.

Inventory:

Hand Weapons
 a - a +0 shortbow (weapon)
Armour
 c - a +0 robe (worn)
Potions
 b - a potion of haste
 d - a potion of enlightenment {unknown}
 e - a potion of might {unknown}

Dungeon Overview and Level Annotations

Branches:
Dungeon (3/15)

Altars:


Message History

There are monsters nearby!
Waypoint 2 assigned to D:3.
1055 ||| STAIRDANCE The giant cockroach bites you but does no damage.
The goblin completely misses you.
You climb upwards.
There is a stone staircase leading down here.
You shoot an arrow.
The arrow closely misses the giant cockroach.
The giant cockroach bites you.
The goblin hits you with a +2 dagger of venom.
You are poisoned.
You shoot an arrow.
The arrow barely misses the giant cockroach.
You feel sick. The giant cockroach misses you.
The goblin completely misses you. The giant cockroach misses you.
You shoot an arrow. The arrow hits the giant cockroach.
The giant cockroach is heavily wounded.
You feel sick. The giant cockroach barely misses you.
The goblin barely misses you.
You shoot an arrow. The arrow hits the giant cockroach.
The giant cockroach is severely wounded.
You feel sick. The giant cockroach closely misses you.
The goblin closely misses you.
You shoot an arrow.
The arrow barely misses the giant cockroach.
You feel sick. The giant cockroach closely misses you.
The goblin hits you with a +2 dagger of venom.
You are lethally poisoned!
The giant cockroach closely misses you.
You shoot an arrow.
The arrow hits the giant cockroach but does no damage.
The giant cockroach is heavily wounded.
You feel very sick.
The goblin hits you with a +2 dagger of venom.
You are more poisoned.
The giant cockroach closely misses you. The goblin closely misses you.
You shoot an arrow.
The arrow closely misses the giant cockroach.
You die...

...............#.....### ###...
...###...............#######....#
...............##.#..............
....#........#....#.#####..###...
......#..........................
..###.....................#......
#...####.................##......
###.#.................#..........
#.#...........@................
#.#%..........gB.....####......
#....................# ##.####
###............>.....# #.# #
##+##.....##############.# #
#...#.....#.#.#...#.#.#..# ##
##.}.........#...#...#...## .#
#....#####.#...#.#.#...#.#
.###...## ##.#...#.#.#...#.#


You could see a giant cockroach and a goblin.

Vanquished Creatures
  An orc wizard (D:1)
  2 adders (D:2)
  A ribbon worm (D:1)
  2 orcs (D:2)
  A bat (D:1)
  2 endoplasms (D:1)
  3 giant cockroaches (D:1)
  3 hobgoblins (D:1)
  4 kobolds
  3 quokkas
  8 ball pythons
  A frilled lizard (D:1)
  6 goblins
  2 rats
39 creatures vanquished.

Notes
Turn   | Place    | Note
-------+----------+-------------------------------------------
     0 | D:1      | qw the Spriggan Hunter began the quest for the Orb.
     0 | D:1      | Reached XP level 1. HP: 10/10 MP: 2/2
     0 | D:1      | 0 ||| qw: Version: 0.3-a-155-g5e7d8dd
     0 | D:1      | 0 ||| qw: Game counter: 3152
     0 | D:1      | 0 ||| qw: Melee chars always use a shield: true
     0 | D:1      | 0 ||| qw: God list: Okawaru
     0 | D:1      | 0 ||| qw: Allow faded altars: false
     0 | D:1      | 0 ||| qw: Do Orc after clearing Dungeon:15 true
     0 | D:1      | 0 ||| qw: Do second Lair branch before Depths: true
     0 | D:1      | 0 ||| qw: Lair rune preference: random
     0 | D:1      | 0 ||| qw: Goals: Normal
     0 | D:1      | 0 ||| PLANNING D:1-11
    25 | D:1      | Reached skill level 3 in Dodging
    97 | D:1      | Reached XP level 2. HP: 14/14 MP: 3/3
   342 | D:1      | 342 ||| READING scroll labelled BOUXKY JILALISH.
   346 | D:1      | 346 ||| DROPPING scroll of butterflies.
   374 | D:2      | Reached XP level 3. HP: 6/18 MP: 4/4
   374 | D:2      | 374 ||| STAIRDANCE
   425 | D:2      | 425 ||| STAIRDANCE
   428 | D:1      | 428 ||| DRINKING viscous blue potion.
   428 | D:1      | Gained mutation: You have a pair of small antennae on your
                  | head. [potion of mutation]
   428 | D:1      | Gained mutation: Your movements are slightly less
                  | encumbered by armour. (ER -2) [potion of mutation]
   429 | D:1      | 429 ||| DRINKING cyan potion.
   430 | D:1      | 430 ||| DRINKING bubbling inky potion.
   532 | D:2      | Reached skill level 5 in Ranged Weapons
   660 | D:2      | Found a faded altar of an unknown god.
   790 | D:2      | Reached XP level 4. HP: 7/22 MP: 5/5
   893 | D:2      | HP: 5/22 [ball python (2)]
   893 | D:2      | HP: 1/22 [kobold/+0 whip (4)]
  1030 | D:2      | 1030 ||| READING scroll labelled HABEFO DONUSY.
  1030 | D:2      | 1030 ||| IDENTIFYING amethyst potion
  1031 | D:2      | 1031 ||| READING scroll labelled URE ZIQOSE.
  1055 | D:3      | 1055 ||| STAIRDANCE
  1062 | D:2      | HP: 4/22 [goblin/+2 dagger of venom (2)]
  1063 | D:2      | Succumbed to a goblin's poison

Levels and vault maps discovered:
D:1:      grunt_arrival_lava_bath, layout_rooms
D:2:      layout_rooms, ebering_ecumenical_altar_box, minmay_misc_feat_alley,
          grunt_ministairs_13, minmay_distorted
D:3:      layout_loops_cross, bloody_makhleb, grunt_ministairs_14

Skill      XL: |  1  2  3 |
---------------+----------+-----
Dodging        | 3 4 |  4.7
Ranged Weapons | 5 |  5.0
Fighting       | |  1.5
Stealth        | |  1.5

Action                     |  1- 3 |  4- 6 || total
---------------------------+-------+-------++-------
   Fire: Shortbow          |    98 |    25 ||   123
    Use: Scroll            |     1 |     2 ||     3
         Potion            |     3 |       ||     3
 Armour: Robe              |    11 |    20 ||    31
  Dodge: Dodged            |    32 |    63 ||    95

Table legend:
 A = Non-vault XP
 B = Vault XP
 C = Vault XP percentage of total XP
 D = Non-vault monster count
 E = Vault monster count
 F = Vault count percentage of total count
                 A         B        C        D         E       F
            +---------+---------+-------+---------+---------+-------
      Total |      66 |      61 |  48.0 |      33 |       6 |  15.4
            +---------+---------+-------+---------+---------+-------
        D:1 |      38 |      40 |  51.3 |      23 |       2 |   8.0
        D:2 |      28 |      21 |  42.9 |      10 |       4 |  28.6
            +---------+---------+-------+---------+---------+-------
